 Dungeon Crawl Stone Soup version 0.31-a0-115-g4708a659fe (webtiles) character file.

Game seed: 16652023459945796296

8273 Kenran the Cleaver (level 11, -5/107 HPs)
             Began as a Hill Orc Monk on May 29, 2023.
             Was the Champion of Jiyva.
             Slain by a boulder beetle (18 damage)
             ... on level 11 of the Dungeon.
             The game lasted 00:13:25 (8176 turns).

Kenran the Cleaver (Hill Orc Monk)                  Turns: 8176, Time: 00:13:25

Health: -5/107     AC: 10    Str: 19    XL:     11   Next: 28%
Magic:  11/11      EV: 11    Int: 10    God:    Jiyva [******]
Gold:   560        SH:  0    Dex: 19    Spells: 10/10 levels left

rFire   + + +        x - +0 war axe
rCold   + . .        d - orb {light}
rNeg    . . .        r - +2 scale mail {rC+}
rPois   .            v - +0 helmet
rElec   .            (no cloak)
rCorr   +            (no gloves)
SInv    .            (boots unavailable)
Will    .....        (no amulet) Stlth
                     C - +6 ring of dexterity
HPRegen 1.97/turn    (no ring)
MPRegen 0.62/turn

%: clarity
@: glowing
A: talons 3, clarity, fire resistance 3, acidic bite, jelly sensing items,
MP-powered wands
a: Renounce Religion, Oozemancy, Slimify


You were on level 11 of the Dungeon.
You worshipped Jiyva.
Jiyva was exalted by your worship.
You visited 1 branch of the dungeon, and saw 11 of its levels.
You also visited: Sewer.

You collected 560 gold pieces.

Inventory:

Hand Weapons
 t - a +3 trident of freezing
 x - a +0 war axe (weapon)
Armour
 d - an orb of light (worn)
 q - a +2 buckler of protection
 r - a +2 scale mail of cold resistance (worn)
 u - a +0 kite shield
 v - a +0 helmet (worn)
Jewellery
 C - a +6 ring of dexterity (left hand)
Wands
 a - a wand of charming (4)
 n - a wand of mindburst (22)
Scrolls
 f - 2 scrolls of blinking
 g - a scroll of enchant weapon
 j - 2 scrolls of enchant armour
 k - 4 scrolls of teleportation
 y - a scroll of poison {!r}
Potions
 b - 3 potions of curing {@q1}
 c - a potion of haste
 e - a potion of attraction {!q}
 h - a potion of berserk rage {unknown}
 i - a potion of lignification {unknown}
 l - a potion of degeneration {unknown}
 m - 6 potions of brilliance {unknown}
 p - a potion of magic {unknown}
 s - 2 potions of mutation {unknown}
 w - a potion of might {unknown}
 z - a potion of resistance {unknown}
 A - a potion of heal wounds {unknown}
Miscellaneous
 o - a phantom mirror


   Skills:
 + Level 13.2 Fighting
 - Level 14.0 Axes
 - Level 6.0 Armour
 - Level 2.4 Dodging
 - Level 4.0 Shields
 - Level 5.0 Evocations


You had 10 spell levels left.
You didn't know any spells.
Your spell library contained the following spells:

 Spells                   Type           Power      Damage    Failure   Level
 Summon Small Mammal      Summ           0%         N/A       71%         1
 Blink                    Tloc           0%         N/A       83%         2
 Call Canine Familiar     Summ           0%         N/A       97%         3
 Dazzling Flash           Conj/Hex       0%         N/A       97%         3
 Summon Guardian Golem    Hex/Summ       0%         N/A       97%         3
 Volatile Blastmotes      Fire/Tloc      0%         2d10      97%         3
 Iskenderun's Mystic Bla  Conj/Tloc      0%         2d3       100%        4
 Manifold Assault         Tloc           0%         N/A       100%        4
 Starburst                Conj/Fire      0%         6d3       100%        6
 Storm Form               Tmut/Air       0%         N/A       100%        7


Dungeon Overview and Level Annotations

Branches:
Dungeon (11/15)            Temple (0/1) D:5            Lair (0/5) D:10
  Sewer (visited)
    Orc: D:9-12

Altars:
Ashenzari
Dithmenos
Elyvilon
Fedhas
Gozag
Hepliaklqana
Makhleb
Qazlal
Sif Muna
Uskayaw
Vehumet
Zin
Jiyva

Shops:
D:2 (   D:3 [   D:9 =


Innate Abilities, Weirdness & Mutations

You have claws for feet.
You possess an exceptional clarity of mind.
Your flesh is almost immune to the effects of heat. (rF+++)
You have acidic saliva.
You have a small jelly attached to you that senses nearby items.
You expend magic power (3 MP) to strengthen your wands.


Message History

The two-headed ogre hits you but does no damage.
The two-headed ogre hits you with a +0 giant spiked club.
You hit the two-headed ogre but do no damage.
You bite the two-headed ogre, but do no damage.
The two-headed ogre is moderately wounded.
You hit the two-headed ogre.
You bite the two-headed ogre, but do no damage.
The two-headed ogre is moderately wounded.
The two-headed ogre hits you with a +0 giant club!
The two-headed ogre misses you. The boulder beetle hits you!!!
* * * LOW HITPOINT WARNING * * *
You shudder from the blow and a jelly pops out!
The boulder beetle stops rolling and uncurls.
You slash the two-headed ogre! You claw the two-headed ogre.
The two-headed ogre is heavily wounded.
You hit the boulder beetle but do no damage.
You hit the two-headed ogre but do no damage.
You claw the two-headed ogre!
You bite the two-headed ogre, but do no damage.
The two-headed ogre is severely wounded.
You hit the boulder beetle but do no damage.
The boulder beetle bites you.
* * * LOW HITPOINT WARNING * * *
The two-headed ogre hits you with a +0 giant club!
* * * LOW HITPOINT WARNING * * *
The two-headed ogre misses you.
You hit the boulder beetle but do no damage.
You bite the boulder beetle, but do no damage.
The boulder beetle is almost dead.
You hit the two-headed ogre but do no damage.
Your azure jelly hits the two-headed ogre.
Your azure jelly freezes the two-headed ogre!!
The two-headed ogre dies!
The boulder beetle barely misses you.
Your Fighting skill increases to level 13!
You hit the boulder beetle but do no damage.
You claw the boulder beetle, but do no damage.
The boulder beetle is almost dead.
The boulder beetle bites you!!
You die...

#...........#
######...........#
.................#
................#
#.........# #...####..#
#...# #..# #######...#
#..########
......J@..####..........
......B.................
...)[...................
..........#####.........
..........# #..####...
..........# #..# #...
..........# #..# #...
........... ...# #...
##### ####


You could see a boulder beetle (ally target) and a friendly azure jelly
(summoned).

Vanquished Creatures
  2 two-headed ogres
  Pikel (D:5)
  2 hornets (D:9)
  Prince Ribbit (D:8)
  Grinder (D:6)
  A shadow (D:11)
  A wraith (D:10)
  3 wyverns (D:10)
  7 yaks (D:9)
  An acid dragon (D:11)
  2 orc warriors
  Pargi (Sewer)
  A sky beast (D:6)
  A black bear (D:8)
  An ogre (D:6)
  4 centaurs
  A phantom (D:6)
  A lemure (D:5)
  2 kobold brigands
  Blork the orc (D:6)
  A bullfrog (D:7)
  3 gnoll sergeants
  3 scorpions
  4 wights (D:10)
  7 killer bees
  6 howler monkeys
  9 orc priests
  5 hounds
  2 gnoll boudas
  Jessica (D:3)
  10 orc wizards
  3 adders
  23 gnolls
  3 river rats (D:4)
  A shadow imp (D:7)
  A white imp (D:8)
  3 ufetubi
  A worm (D:3)
  4 dart slugs
  44 orcs
  10 ball pythons
  4 bats
  An endoplasm (D:1)
  6 giant cockroaches
  6 goblins
  12 hobgoblins
  4 jackals (D:4)
  3 quokkas
  4 frilled lizards (D:1)
  20 kobolds
  4 rats
  A spectral hobgoblin (D:1)
244 creatures vanquished.

Vanquished Creatures (collateral kills)
  A two-headed ogre (D:11)
1 creature vanquished.

Vanquished Creatures (others)
  A black bear (D:5)
  A centaur (D:6)
  A phantom (D:6)
  7 jellies
  An iguana (D:6)
  An orc wizard (D:8)
  A mummy (D:6)
  3 adders
  A shadow imp (D:6)
  A white imp (D:5)
  2 endoplasms (D:4)
  2 orcs (D:8)
  A bat (Sewer)
  A hobgoblin (D:2)
  4 jackals (D:4)
  2 ball pythons
  A frilled lizard (D:2)
  A hobgoblin zombie (D:6)
  A kobold (D:2)
  3 kobold zombies (D:6)
36 creatures vanquished.

Grand Total: 281 creatures vanquished

Notes
Turn   | Place    | Note
-------+----------+-------------------------------------------
     0 | D:1      | Kenran the Hill Orc Monk began the quest for the Orb.
     0 | D:1      | Reached XP level 1. HP: 19/19 MP: 1/1
   138 | D:1      | Reached XP level 2. HP: 26/26 MP: 2/2
   151 | D:1      | Reached skill level 5 in Axes
   174 | D:1      | Reached XP level 3. HP: 28/31 MP: 3/3
   233 | D:1      | Found a faded altar of an unknown god.
   280 | D:1      | Prayed at the altar of an unknown god.
   280 | D:1      | Became a worshipper of Jiyva Jajesin the Shapeless
   280 | D:1      | Reached * piety under Jiyva
   280 | D:1      | Reached ** piety under Jiyva
   340 | D:1      | Reached *** piety under Jiyva
   376 | D:1      | Gained mutation: You expend magic power (3 MP) to
                  | strengthen your wands. [Jiyva's grace]
   376 | D:1      | Gained mutation: Your system is resistant to poisons.
                  | (rPois) [Jiyva's grace]
   376 | D:1      | Gained mutation: Your melee attacks may engulf your foes in
                  | ooze. [Jiyva's grace]
   376 | D:1      | Gained mutation: You are covered in slimy tendrils that may
                  | disarm your opponents. [Jiyva's grace]
   605 | D:1      | Reached skill level 6 in Axes
   850 | D:2      | Found a stormy altar of Qazlal.
  1082 | D:2      | Reached XP level 4. HP: 39/39 MP: 4/4
  1148 | D:2      | Found Dotsuzu's Weapon Boutique.
  1304 | D:2      | Reached **** piety under Jiyva
  1890 | D:3      | Reached skill level 7 in Axes
  1914 | D:3      | Reached XP level 5. HP: 45/45 MP: 5/5
  1922 | D:3      | Noticed Jessica
  1930 | D:3      | Killed Jessica
  2017 | D:3      | Reached skill level 8 in Axes
  2220 | D:3      | Found Daicyur's Armour Emporium.
  2271 | D:4      | Lost mutation: You expend magic power (3 MP) to strengthen
                  | your wands. [Jiyva's grace]
  2271 | D:4      | Lost mutation: Your melee attacks may engulf your foes in
                  | ooze. [Jiyva's grace]
  2271 | D:4      | Gained mutation: You have a small jelly attached to you
                  | that senses nearby items. [Jiyva's grace]
  2271 | D:4      | Gained mutation: Your flesh is heat resistant. (rF+)
                  | [Jiyva's grace]
  2271 | D:4      | Gained mutation: Your flesh is very heat resistant. (rF++)
                  | [Jiyva's grace]
  2271 | D:4      | Gained mutation: Your flesh is almost immune to the effects
                  | of heat. (rF+++) [Jiyva's grace]
  2288 | D:4      | Reached ***** piety under Jiyva
  2332 | D:4      | Found a hazy altar of Hepliaklqana.
  2408 | D:4      | Reached XP level 6. HP: 50/51 MP: 6/6
  2416 | D:4      | Found a glowing drain.
  2424 | Sewer    | Entered a sewer
  2510 | Sewer    | Noticed Pargi
  2526 | Sewer    | Killed Pargi
  2527 | Sewer    | Reached skill level 9 in Axes
  2894 | D:4      | Reached skill level 10 in Axes
  2894 | D:4      | Reached XP level 7. HP: 55/57 MP: 7/7
  2999 | D:5      | Entered Level 5 of the Dungeon
  3118 | D:5      | Noticed Pikel
  3169 | D:5      | Killed Pikel
  3170 | D:5      | Reached skill level 12 in Axes
  3170 | D:5      | Reached skill level 5 in Fighting
  3170 | D:5      | Reached XP level 8. HP: 59/68 MP: 8/8
  3180 | D:5      | Found a staircase to the Ecumenical Temple.
  3892 | D:6      | Noticed Blork the orc
  3917 | D:6      | Killed Blork the orc
  4042 | D:6      | Identified the +3 long sword of the Elven Halls {spect,
                  | *Slow rF+ Int+3 SInv}
  4091 | D:6      | Reached skill level 1 in Armour
  4091 | D:6      | Reached skill level 1 in Shields
  4141 | D:6      | Reached XP level 9. HP: 27/81 MP: 9/9
  4304 | D:6      | Found a blossoming altar of Fedhas.
  4359 | D:6      | Found a broken altar of Ashenzari.
  4961 | D:6      | Noticed Grinder
  4982 | D:6      | Killed Grinder
  4983 | D:6      | Reached skill level 5 in Armour
  5318 | D:7      | Lost mutation: Your system is resistant to poisons. (rPois)
                  | [Jiyva's grace]
  5318 | D:7      | Lost mutation: You are covered in slimy tendrils that may
                  | disarm your opponents. [Jiyva's grace]
  5318 | D:7      | Gained mutation: You have sharp toenails. [Jiyva's grace]
  5318 | D:7      | Gained mutation: You have razor-sharp toenails. [Jiyva's
                  | grace]
  5318 | D:7      | Gained mutation: You have claws for feet. [Jiyva's grace]
  5318 | D:7      | Gained mutation: You expend magic power (3 MP) to
                  | strengthen your wands. [Jiyva's grace]
  5451 | D:7      | Reached ****** piety under Jiyva
  5493 | D:7      | Found a hide-covered altar of Uskayaw.
  5511 | D:7      | Found a white marble altar of Elyvilon.
  5594 | D:7      | Found a shadowy altar of Dithmenos.
  6298 | D:8      | Found an opulent altar of Gozag.
  6406 | D:8      | Found a shimmering blue altar of Sif Muna.
  6456 | D:8      | Noticed Prince Ribbit
  6464 | D:8      | Killed Prince Ribbit
  6465 | D:8      | Reached skill level 13 in Axes
  6465 | D:8      | Reached XP level 10. HP: 84/91 MP: 10/10
  6513 | D:8      | Noticed a two-headed ogre
  6521 | D:8      | Killed a two-headed ogre
  6522 | D:8      | Reached skill level 10 in Fighting
  6792 | D:9      | Reached skill level 14 in Axes
  6848 | D:9      | Noticed a two-headed ogre
  6864 | D:9      | Killed a two-headed ogre
  6913 | D:9      | Found a burning altar of Makhleb.
  6923 | D:9      | Lost mutation: You have claws for feet. [Jiyva's grace]
  6923 | D:9      | Lost mutation: You have a small jelly attached to you that
                  | senses nearby items. [Jiyva's grace]
  6923 | D:9      | Gained mutation: You have claws for feet. [Jiyva's grace]
  6923 | D:9      | Gained mutation: You have acidic saliva. [Jiyva's grace]
  6923 | D:9      | Gained mutation: You have a small jelly attached to you
                  | that senses nearby items. [Jiyva's grace]
  6923 | D:9      | Gained mutation: You possess an exceptional clarity of
                  | mind. [Jiyva's grace]
  7084 | D:9      | Paralysed by a hornet for 1 turns
  7141 | D:9      | Found Deisuhe's Jewellery Emporium.
  7409 | D:10     | Entered Level 10 of the Dungeon
  7429 | D:10     | Found a glowing silver altar of Zin.
  7439 | D:10     | Reached XP level 11. HP: 66/104 MP: 11/11
  7440 | D:10     | Reached skill level 5 in Evocations
  7529 | D:10     | Found a staircase to the Lair.
  7916 | D:10     | Found a radiant altar of Vehumet.
  8141 | D:11     | Noticed a boulder beetle
  8166 | D:11     | Noticed a two-headed ogre
  8175 | D:11     | Killed a two-headed ogre
  8176 | D:11     | Slain by a boulder beetle

Illustrated notes

Levels and vault maps discovered:
D:1:      wander_arrival_chamber, layout_loops_ring,
          dreamdust_ecumenical_altar_drowned_temple, minmay_vboxes
D:2:      layout_basic, serial_shops, nicolae_shop_window_shopping, basic_altar
D:3:      layout_basic, serial_shops, nicolae_shop_real_fake_doors, uniq_jessica
D:4:      layout_basic, nzn_hepliaklqana_mist_gate, portal_sewer_entry_e,
          glass_columns_a
D:5:      layout_basic, minmay_temple_entry_waves, uniq_pikel
D:6:      kennysheep_housing_project, layout_basic, fedhas_altar_3,
          mainiacjoe_overflow_paths, minmay_mini_ossuary, uniq_blork_the_orc,
          uniq_grinder
D:7:      layout_basic, nicolae_dithmenos_through_a_glass_darkly,
          mainiacjoe_overflow_large_starburst, lightli_minifort
D:8:      layout_basic, mainiacjoe_overflow_tiny_flanked,
          nicolae_gozag_cash_rules_everything_around_me, uniq_prince_ribbit1
D:9:      layout_grid_maze, mainiacjoe_overflow_brackets,
          kennysheep_small_circle
D:10:     layout_long_grid, kennysheep_little_box, lemuel_tele_altar,
          lair_entry_dummy
D:11:     layout_small_grid, minmay_orc_entry_temple_small, serial_shops,
          nicolae_shop_back_alley_shop, dilly_guarded_unrand_elemental_staff

Skill      XL: |  1  2  3  4  5  6  7  8  9 10 11 |
---------------+----------------------------------+-----
Axes           | 5 6 7 8 10 12 13 14 | 14.0
Fighting       | 5 8 9 12 13 | 13.2
Armour         | 2 6 |  6.0
Shields        | 2 4 |  4.0
Evocations     | 4 5 |  5.0
Dodging        | |  2.4

Action                     |  1- 3 |  4- 6 |  7- 9 | 10-12 || total
---------------------------+-------+-------+-------+-------++-------
  Melee: Hand axe          |    93 |   156 |   363 |       ||   612
         War axe           |       |       |    81 |   186 ||   267
         Kick              |       |       |    42 |    92 ||   134
         Bite              |       |       |       |    26 ||    26
  Evoke: Wand              |       |       |       |     2 ||     2
    Use: Potion            |     1 |       |       |       ||     1
         Scroll            |     1 |     3 |     3 |     2 ||     9
 Armour: Robe              |    19 |       |       |       ||    19
         Ring mail         |     1 |    34 |    80 |       ||   115
         Scale mail        |       |       |    56 |    60 ||   116
  Dodge: Dodged            |    68 |    89 |   191 |    98 ||   446

Table legend: (Time is in decaauts)
 A = Elapsed time spent in this place.
 B = Non-inter-level travel time spent in this place.
 C = Inter-level travel time spent in this place.
 D = Time resting spent in this place.
 E = Time spent auto-exploring this place.
 F = Levels seen in this place.
 G = Mean time per level.
                   A        B        C        D        E       F      G
               +--------+--------+--------+--------+--------+-----+--------+
         Total |   8037 |   7686 |    351 |     78 |   5764 |  12 |  669.8 |
       Dungeon |   7893 |   7542 |    351 |     78 |   5677 |  11 |  717.5 |
         Sewer |    143 |    143 |      0 |      0 |     87 |   1 |  143.0 |
               +--------+--------+--------+--------+--------+-----+--------+

Top non-repeatable levels by time:
     D:6: 1334 daAuts
     D:7: 911 daAuts
     D:5: 867 daAuts
     D:1: 860 daAuts
     D:9: 845 daAuts
     D:2: 827 daAuts
    D:10: 638 daAuts
     D:4: 588 daAuts
     D:3: 574 daAuts
     D:8: 328 daAuts
   Sewer: 143 daAuts
    D:11: 118 daAuts
